AoeStats
← 从不压堡之人

Fortress

509083043Analyzed
4v4 RM · 6d ago on Sep 25, 2026· 30m 49s· 8 players
Game mode
Random Map
Map size
Huge
Population
200
Speed
Normal
Resources
Standard
Victory
Conquest
Starting age
Dark Age
Ending age
Imperial Age
RankedLock teamsTeams togetherTeam positionsShared explorationLock speedFull tech treeHidden civsTurbo modeCheats
Victory
Defeat
🇨🇳 Hindustanis · China
1121
+15
🇨🇳 Portuguese · China
1121
+15
🇭🇰 Danes · Hong Kong SAR China
1066
+17
961
+22
🇹🇼 Spanish · Taiwan
1108
-18
🇵🇰 Persians · Pakistan
1096
-17
🇨🇳 Franks · China
1093
-17
🇳🇱 Malians · Netherlands
1078
-17
Bubbles118
7:28 Feudal Age
12:21 Castle Age
11:04 Loom
13:25 Scale Mail Armor
15:46 Forging
20:48 Wheelbarrow
29:14 Horse Collar
29:20 Double-Bit Axe
NSN WAJID
3:48 Loom
11:26 Feudal Age
15:24 Wheelbarrow
14:32 Horse Collar
14:44 Gold Mining
14:45 Stone Mining
14:41 Double-Bit Axe
18:51 Castle Age
21:45 Scale Mail Armor
21:55 Forging
22:14 Scale Barding Armor
22:53 Husbandry
23:35 Bow Saw
25:51 Hand Cart
29:48 Iron Casting
小天
8:30 Feudal Age
9:38 Loom
12:22 Castle Age
10:38 Double-Bit Axe
12:31 Scale Barding Armor
18:23 Padded Archer Armor
20:14 Bow Saw
20:31 Husbandry
20:48 Horse Collar
25:44 Ballistics
27:12 Bloodlines
28:23 Gold Mining
28:26 Stone Mining
浮槎万里获星河
8:55 Feudal Age
12:46 Castle Age
10:47 Double-Bit Axe
16:05 Wheelbarrow
18:34 Bow Saw
19:22 Scale Barding Armor
21:14 Gold Mining
24:02 Gold Shaft Mining
25:37 Chain Barding Armor
25:31 Forging
25:16 Treadmill Crane
29:31 Imperial Age
27:25 Husbandry
28:31 Loom
29:01 Hand Cart
28:32 Town Watch
28:31 Pikeman
29:12 Squires
28:57 Gambesons
28:58 Arson
29:49 Iron Casting
30:06 Scale Mail Armor
29:33 Cavalier
从不压堡之人
7:00 Feudal Age
8:27 Double-Bit Axe
10:43 Castle Age
8:44 Horse Collar
11:47 Bow Saw
12:15 Wheelbarrow
18:27 Loom
21:11 Hand Cart
21:25 Circumnavigation
22:58 Stone Mining
23:12 Town Watch
23:34 Heavy Plow
24:05 Fletching
27:04 Imperial Age
26:29 Gold Mining
27:14 Stone Shaft Mining
27:08 Padded Archer Armor
27:45 Ballistics
27:07 Treadmill Crane
28:48 Chemistry
29:22 Two-Man Saw
28:55 Leather Archer Armor
29:48 Elite Organ Gun
31:20 Guilds
洗心革面重新做人TownYan
7:05 Feudal Age
8:07 Double-Bit Axe
10:51 Castle Age
13:44 Bow Saw
14:13 Wheelbarrow
17:39 Loom
19:25 Fletching
26:39 Hand Cart
26:25 Bodkin Arrow
夜清尘
7:24 Feudal Age
11:25 Castle Age
9:27 Double-Bit Axe
10:25 Horse Collar
11:45 Wheelbarrow
10:55 Loom
13:42 Bow Saw
28:59 Imperial Age
26:15 Town Watch
26:20 Arson
26:35 Squires
26:40 Gambesons
26:21 Hamask
28:09 Scale Mail Armor
28:19 Forging
28:25 Forging
28:52 Gold Mining
28:56 Stone Mining
30:09 Conscription
29:23 Elite Jomsviking
30:33 Elite Varangian Guard
LLK是给
7:46 Feudal Age
8:40 Double-Bit Axe
11:35 Castle Age
10:03 Horse Collar
12:42 Bow Saw
14:15 Loom
16:51 Wheelbarrow
17:41 Heavy Plow
18:11 Town Watch
18:41 Hand Cart
19:19 Scale Mail Armor
19:25 Gold Mining
19:38 Grand Trunk Road
20:47 Forging
25:36 Imperial Age
23:22 Scale Barding Armor
24:18 Husbandry
24:28 Bloodlines
25:53 Iron Casting
26:44 Conscription
27:21 Chain Barding Armor
28:34 Plate Barding Armor
27:57 Heavy Camel Rider
30:36 Blast Furnace
30:30 Fletching
Connection lost

Rejoining the realm…

Still unreachable

The connection could not be restored.

Session expired

The server has moved on; the page needs a fresh start.